 Dungeon Crawl Stone Soup version 0.30-a0-1008-g30c9307041 (webtiles) character file.

Game seed: 1693687896963549217

1100 qeuew the Trooper (level 8, -2/62 HPs)
             Began as a Demonspawn Chaos Knight on Apr 5, 2023.
             Was a Plaything of Xom.
             Slain by Zeldest's ghost (6 damage)
             ... on level 4 of the Dungeon.
             The game lasted 00:07:13 (4454 turns).

qeuew the Trooper (Demonspawn Chaos Knight)         Turns: 4454, Time: 00:07:20

Health: -2/62      AC:  9    Str: 31    XL:     8   Next: 10%
Magic:  26/26      EV: 13    Int: 13    God:    Xom [....*.]
Gold:   259        SH:  0    Dex: 16    Spells: 7/7 levels left

rFire   + . .      SeeInvis +    a - +0 mace (chaos)
rCold   + . .      Faith    +    (no shield)
rNeg    . . .      Spirit   .    b - +3 leather armour
rPois   .          Reflect  .    (no helmet)
rElec   .          Rampage  .    (no cloak)
rCorr   .                        (no gloves)
Will    +....                    d - +2 pair of boots of Agoraphobia {rF+ Will+ Dex+2 SInv}
Stlth   +                        r - amulet of the Sunfish {Faith Drain Fly MP+9 Str+6}
HPRegen 0.30/turn                e - ring "Cess" {rC+ MP+9 Str+5}
MPRegen 0.20/turn                j - +6 ring of strength

@: flying
A: hooves 1, demonic guardian 1, sturdy frame 2
a: Renounce Religion


You were on level 4 of the Dungeon.
You worshipped Xom.
You were a beloved toy of Xom.
You visited 1 branch of the dungeon, and saw 6 of its levels.

You collected 259 gold pieces.

Inventory:

Hand Weapons
 a - a +0 mace of chaos (weapon)
Armour
 b - a +3 leather armour (worn)
 d - the +2 pair of boots of Agoraphobia (worn) {rF+ Will+ Dex+2 SInv}
   (You acquired it on level 1 of the Dungeon)

   Dex:       It affects your dexterity (+2).
   rF:        It protects you from fire.
   SInv:      It lets you see invisible.
   Will:      It increases your willpower.
Jewellery
 e - the ring "Cess" (left hand) {rC+ MP+9 Str+5}
   (You acquired it on level 1 of the Dungeon)

   [ring of magical power]

   Str:       It affects your strength (+5).
   rC:        It protects you from cold.
   MP:        It affects your magic capacity (+9).
 j - a +6 ring of strength (right hand)
 r - the amulet of the Sunfish (around neck) {Faith Drain Fly MP+9 Str+6}
   (You found it on level 4 of the Dungeon)

   [amulet of faith]

   It allows you to gain divine favour quickly.
   Str:       It affects your strength (+6).
   MP:        It affects your magic capacity (+9).
   Fly:       It grants you flight.
   Drain:     It drains your maximum health when unequipped.
Scrolls
 i - 3 scrolls of teleportation
 m - a scroll of vulnerability {unknown}
 o - a scroll of fear {unknown}
 p - a scroll of enchant armour
 q - 2 scrolls of identify
Potions
 f - 4 potions of curing
 g - a potion of berserk rage
 h - a potion of might
 k - 2 potions of mutation
 n - a potion of lignification {unknown}
Miscellaneous
 c - a piece from Xom's chessboard (15/15) (quivered)


   Skills:
 + Level 5.1 Fighting
 + Level 4.7 Maces & Flails
 + Level 4.1 Armour
 + Level 3.8 Dodging
 + Level 4.0 Evocations


You had 7 spell levels left.
You didn't know any spells.
Your spell library contained the following spells:

 Spells                   Type           Power      Damage    Failure   Level
 Beastly Appendage        Tmut           0%         N/A       30%         1
 Wereblood                Tmut           0%         N/A       43%         2
 Ignite Poison            Fire/Tmut/Pois 0%         N/A       67%         3
 Portal Projectile        Hex/Tloc       0%         N/A       67%         3
 Spider Form              Tmut/Pois      0%         N/A       67%         3
 Tukima's Dance           Hex            0%         N/A       67%         3
 Sticky Flame             Conj/Fire      0%         2d3       97%         4
 Blade Hands              Tmut           0%         N/A       100%        5
 Ignition                 Fire           0%         3d3       100%        8


Dungeon Overview and Level Annotations

Branches:
Dungeon (6/15)             Temple (0/1) D:4

Altars:
Fedhas
Makhleb
Qazlal
Xom

Shops:
D:4 !

Annotations:
D:4 Zeldest's ghost, amateur AtAr


Innate Abilities, Weirdness & Mutations

You have large cloven feet.
A weak demonic guardian rushes to your aid.
Your movements are less encumbered by armour. (ER -4)


Message History

Zeldest's ghost hits you.
You hit Zeldest's ghost.
Zeldest's ghost convulses.
Zeldest's ghost is lightly damaged.
Zeldest's ghost closely misses you.
You hit Zeldest's ghost.
Zeldest's ghost seems to grow stronger.
Xom thinks this is hilarious!
You punch Zeldest's ghost.
Zeldest's ghost is moderately damaged.
Zeldest's ghost hits you!
You hit Zeldest's ghost.
Zeldest's ghost convulses.
Zeldest's ghost is moderately damaged.
Zeldest's ghost closely misses you. Zeldest's ghost barely misses you.
You hit Zeldest's ghost but do no damage.
Zeldest's ghost is moderately damaged.
Zeldest's ghost hits you.
You hit Zeldest's ghost but do no damage.
Zeldest's ghost seems to slow down.
Zeldest's ghost is moderately damaged.
Zeldest's ghost is no longer moving slowly.
Zeldest's ghost barely misses you.
You hit Zeldest's ghost.
Zeldest's ghost is heavily damaged.
Zeldest's ghost hits you!
You barely miss Zeldest's ghost.
Zeldest's ghost is heavily damaged.
Zeldest's ghost closely misses you.
You hit Zeldest's ghost but do no damage.
Zeldest's ghost is heavily damaged.
Zeldest's ghost hits you!
* * * LOW HITPOINT WARNING * * *
You barely miss Zeldest's ghost.
Zeldest's ghost is heavily damaged.
Zeldest's ghost misses you.
You hit Zeldest's ghost but do no damage.
Lightning courses through Zeldest's ghost!
Zeldest's ghost is almost destroyed.
Zeldest's ghost hits you!
* * * LOW HITPOINT WARNING * * *
A demonic guardian appears!
Zeldest's ghost hits you.
You die...

#Z.### #.....#.#.############
#....# ##...................#
#....## ##..####.#####.####.####
#.....# #.<# #...# #.# #.##~.
##....# #<># ###.###.# ###.#.
##....# #..#####...##.# ##.##.
###..#####........#....# #..#.#
#####.#..........5...#######~.#~[
......#.#####...@..........#≈#.≈.
......#.#######'W####..##.##~)†..
......#....##~..≈~~.#<.##.###.#..
##'####.####..8~#..##.###....#..†
#...###.# #.#.....##.# ####...#~
.....##.# ##..".~#.#.# #.~~##
.....)#.# ###~#~###.# #..~⌠.
......### ###### #.# #⌠#~##
......# #.# #.# ##....


You could see Zeldest's ghost (strong, ally target) and a friendly iron imp
(summoned).

Vanquished Creatures
  A golden eye (D:4)
  Menkaure (D:4)
  2 ice beasts
  An ogre (D:6)
  A scorpion (D:4)
  A jelly (D:6)
  3 orc priests
  4 iguanas
  2 sleepcaps
  2 orc wizards (D:6)
  Robin (D:3)
  3 adders
  A white imp (D:4)
  4 dart slugs
  10 orcs
  5 bats
  4 endoplasms
  6 giant cockroaches
  15 goblins
  14 hobgoblins
  2 jackals
  11 kobolds
  6 quokkas
  9 ball pythons
  A frilled lizard (D:3)
  7 rats
117 creatures vanquished.

Vanquished Creatures (collateral kills)
  2 orcs
  A jackal (D:2)
  A frilled lizard (D:3)
4 creatures vanquished.

Vanquished Creatures (others)
  An orc wizard (D:6)
  12 plants (D:2)
13 creatures vanquished.

Grand Total: 134 creatures vanquished

Notes
Turn   | Place    | Note
-------+----------+-------------------------------------------
     0 | D:1      | qeuew the Demonspawn Chaos Knight began the quest for the
                  | Orb.
     0 | D:1      | Reached XP level 1. HP: 18/18 MP: 1/1
    80 | D:1      | Reached skill level 1 in Dodging
   112 | D:1      | Gained mutation: Your movements are slightly less
                  | encumbered by armour. (ER -2) [demonic ancestry]
   112 | D:1      | Reached XP level 2. HP: 24/24 MP: 2/2
   311 | D:1      | Reached skill level 1 in Evocations
   453 | D:1      | Gained mutation: A weak demonic guardian rushes to your
                  | aid. [demonic ancestry]
   453 | D:1      | Reached XP level 3. HP: 27/29 MP: 3/3
   492 | D:1      | XOM: cloud trail
   531 | D:1      | Identified 2 scrolls of acquirement
   531 | D:1      | Acquired the +2 pair of boots of Agoraphobia {rF+ Will+
                  | Dex+2 SInv}
   545 | D:1      | Acquired the ring "Cess" {rC+ MP+9 Str+5}
   606 | D:2      | XOM: noise
   657 | D:2      | XOM: god gift: 31 gold pieces
   730 | D:2      | XOM: cloud trail
   775 | D:2      | XOM: silly message
   791 | D:2      | XOM: silly message
   838 | D:2      | XOM: divination: magic mapping
   902 | D:2      | XOM: cloud trail
  1045 | D:2      | XOM: silly message
  1549 | D:3      | Reached XP level 4. HP: 35/35 MP: 4/4
  1603 | D:3      | Noticed Robin
  1617 | D:3      | XOM: cast spell 'Alistair's Intoxication'
  1618 | D:3      | XOM: summons friendly shadow imp
  1648 | D:3      | Killed Robin
  1930 | D:3      | Reached XP level 5. HP: 34/42 MP: 5/5
  1995 | D:3      | XOM: cast spell 'Leda's Liquefaction'
  2407 | D:3      | Identified the +5 triple crossbow "Umaom" {antimagic,
                  | Fragile rElec rPois}
  2644 | D:4      | Found a large runed translucent door.
  2644 | D:4      | Found a large runed translucent door.
  2648 | D:4      | Noticed Zeldest's ghost (amateur AtAr)
  2674 | D:4      | Found a shimmering altar of Xom.
  2726 | D:4      | Found Lif Entos's Distillery.
  2803 | D:4      | You fall into a shaft and drop 2 floors!
  2812 | D:6      | XOM: potion effect (invisibility)
  2863 | D:6      | Reached skill level 4 in Fighting
  2923 | D:6      | Gained mutation: You have large cloven feet. [demonic
                  | ancestry]
  2923 | D:6      | Reached XP level 6. HP: 38/48 MP: 6/6
  2970 | D:6      | XOM: enchant monster (bad)
  3044 | D:6      | XOM: summons friendly white imp
  3185 | D:5      | Entered Level 5 of the Dungeon
  3217 | D:5      | Noticed an ice beast
  3218 | D:5      | XOM: noise
  3228 | D:5      | Killed an ice beast
  3229 | D:5      | Reached XP level 7. HP: 55/55 MP: 7/7
  3280 | D:4      | XOM: noise
  3286 | D:4      | XOM: divination: detect items
  3330 | D:4      | Noticed Menkaure
  3337 | D:4      | XOM: confuse monster(s)
  3340 | D:4      | XOM: confuse monster(s)
  3342 | D:4      | Killed Menkaure
  3361 | D:4      | Noticed Blork the orc
  3364 | D:4      | Found a blossoming altar of Fedhas.
  3372 | D:4      | Blork the orc changed into Blork the golden eye
  3372 | D:4      | Noticed Blork
  3391 | D:4      | Killed Blork the golden eye
  3392 | D:4      | Reached skill level 5 in Fighting
  3442 | D:4      | Found a burning altar of Makhleb.
  3446 | D:4      | Noticed an angel
  3446 | D:4      | Noticed a cacodemon
  3499 | D:4      | Gained mutation: Your movements are less encumbered by
                  | armour. (ER -4) [demonic ancestry]
  3499 | D:4      | Reached XP level 8. HP: 48/62 MP: 8/8
  3804 | D:4      | Found a stormy altar of Qazlal.
  3805 | D:4      | Identified the amulet of the Sunfish {Faith Drain Fly MP+9
                  | Str+6}
  4087 | D:4      | XOM: summons 4 hostile demons
  4211 | D:4      | Found a staircase to the Ecumenical Temple.
  4211 | D:4      | XOM: 6-stop teleportation journey
  4454 | D:4      | Slain by Zeldest's ghost

Illustrated notes

Levels and vault maps discovered:
D:1:      minmay_arrival_semitransparent, layout_rooms, minmay_small_reverse_x
D:2:      layout_loops_ring, serial_forest, infiniplex_forest_lined_corner,
          infiniplex_forest_clump_C, infiniplex_forest_clump_medium,
          infiniplex_forest_straight_2, infiniplex_forest_lined_2,
          serial_bayou_ford_a, kennysheep_generic_room_10
D:3:      layout_basic, uniq_robin
D:4:      minmay_opposing_rooms, layout_loops_ring,
          grunt_temple_overflow_order_and_chaos_2, lemuel_crystal_altar,
          tgw_xom, mainiacjoe_overflow_boulevard, minmay_temple_entry_slanted,
          serial_shops, kennysheep_little_box, ebering_ghost_disaster_area,
          nicolae_underground_beach, uniq_blork_the_orc, uniq_menkaure
D:5:      minmay_skewed_foursquare, layout_loops_ring,
          nicolae_dithmenos_shadow_blocks, serial_shops, nicolae_lakefront_shop,
          corner_web_ring, nrook_loot_triangle, minmay_misc_feat_alley,
          st_stairs_3
D:6:      layout_rooms, nemelex_dance_club_becter, okawaru_trees_1,
          serial_shops, nicolae_shop_crystal

Skill      XL: |  1  2  3  4  5  6  7  8 |
---------------+-------------------------+-----
Dodging        | 1 2 3 |  3.8
Armour         | 2 3 4 |  4.1
Evocations     | 1 2 3 4 |  4.0
Maces & Flails | 3 4 |  4.7
Fighting       | 4 5 |  5.1

Action                     |  1- 3 |  4- 6 |  7- 9 || total
---------------------------+-------+-------+-------++-------
  Melee: Mace              |   116 |   149 |   147 ||   412
         Punch             |     1 |     2 |     2 ||     5
    Use: Scroll            |    10 |     2 |       ||    12
         Potion            |     2 |       |     2 ||     4
   Stab: Sleeping          |     1 |       |     2 ||     3
         Invisible         |       |     4 |       ||     4
         Petrified         |       |       |     4 ||     4
         Distracted        |       |       |     1 ||     1
         Confused          |       |       |     1 ||     1
         Petrifying        |       |       |     1 ||     1
 Armour: Leather armour    |    47 |    62 |    40 ||   149
  Dodge: Dodged            |    97 |   101 |    95 ||   293
  Block: Other             |       |     9 |    33 ||    42

Table legend: (Time is in decaauts)
 A = Elapsed time spent in this place.
 B = Non-inter-level travel time spent in this place.
 C = Inter-level travel time spent in this place.
 D = Time resting spent in this place.
 E = Time spent auto-exploring this place.
 F = Levels seen in this place.
 G = Mean time per level.
                   A        B        C        D        E       F      G
               +--------+--------+--------+--------+--------+-----+--------+
         Total |   4551 |   4370 |    181 |    127 |   3342 |   6 |  758.5 |
       Dungeon |   4551 |   4370 |    181 |    127 |   3342 |   6 |  758.5 |
               +--------+--------+--------+--------+--------+-----+--------+

Top non-repeatable levels by time:
     D:4: 1397 daAuts
     D:3: 1142 daAuts
     D:2: 949 daAuts
     D:1: 593 daAuts
     D:6: 392 daAuts
     D:5: 76 daAuts
